 Dungeon Crawl Stone Soup version 0.22-a0-224-g8cf3520 (webtiles) character file.

47 Azzok the Sneak (level 3, -2/25 HPs)
             Began as a Gnoll Enchanter on Feb 19, 2018.
             Slain by a crimson imp (3 damage)
             ... summoned by Natasha
             ... on level 2 of the Dungeon.
             The game lasted 00:02:18 (1268 turns).

Azzok the Sneak (Gnoll Enchanter)                   Turns: 1268, Time: 00:02:19

Health: -2/25      AC:  2    Str: 10    XL:     3   Next: 70%
Magic:  1/9        EV: 14    Int: 18    God:
Gold:   126        SH:  0    Dex: 15    Spells: 9/12 levels left

rFire    . . .     SeeInvis .   a - +1 dagger
rCold    . . .     Gourm    .   (no shield)
rNeg     . . .     Faith    .   b - +0 robe
rPois    .         Spirit   .   (no helmet)
rElec    .         Reflect  .   (no cloak)
rCorr    .         Harm     .   (no gloves)
MR       .....                  (no boots)
Stlth    +++.......             (no amulet)
HPRegen  0.08/turn              (no ring)
MPRegen  0.11/turn              (no ring)

@: no status effects
A: distributed training, fangs 1, strong nose
a: no special abilities


You were on level 2 of the Dungeon.
You were not hungry.

You visited 1 branch of the dungeon, and saw 2 of its levels.

You collected 126 gold pieces.

Inventory:

Hand Weapons
 a - a +1 dagger (weapon)
Armour
 b - a +0 robe (worn)
Scrolls
 f - a scroll of enchant weapon {unknown}
 h - a scroll of identify {unknown}
 k - a scroll of remove curse {unknown}
Potions
 d - 5 potions of heal wounds {unknown}
 e - a potion of brilliance {unknown}
 i - a potion of might {unknown}
 j - a potion of agility {unknown}
 l - a potion of curing {unknown}
 m - a potion of lignification {unknown}
Comestibles
 c - 5 rations
 g - 5 chunks of flesh


   Skills:
 + Level 0.9 Fighting
 + Level 2.6 Short Blades
 + Level 0.9 Long Blades
 + Level 0.9 Axes
 + Level 0.9 Maces & Flails
 + Level 0.9 Polearms
 + Level 0.9 Staves
 + Level 0.9 Slings
 + Level 0.9 Bows
 + Level 0.9 Crossbows
 + Level 0.9 Throwing
 + Level 0.9 Armour
 + Level 4.5 Dodging
 + Level 6.0 Stealth
 + Level 0.9 Shields
 + Level 0.9 Unarmed Combat
 + Level 5.0 Spellcasting
 + Level 0.6 Conjurations
 + Level 5.4 Hexes
 + Level 0.6 Charms
 + Level 0.6 Summonings
 + Level 0.6 Necromancy
 + Level 0.6 Translocations
 + Level 0.6 Transmutations
 + Level 0.6 Fire Magic
 + Level 0.6 Ice Magic
 + Level 0.6 Air Magic
 + Level 0.6 Earth Magic
 + Level 0.6 Poison Magic
 + Level 1.0 Invocations
 + Level 0.9 Evocations


You had 9 spell levels left.
You knew the following spells:

 Your Spells              Type           Power        Failure   Level  Hunger
a - Corona                Hex            ###....      1%          1    None
b - Ensorcelled Hibernat  Hex/Ice        ###...       6%          2    #......


Dungeon Overview and Level Annotations

Branches:
Dungeon (2/15)

Altars:

Annotations:
D:2 Natasha


Innate Abilities, Weirdness & Mutations

Your experience applies equally to all skills.
You have very sharp teeth.
Your uncanny sense of smell can sniff out nearby items.


Message History

Aiming: Ensorcelled Hibernation (safe; 6% risk of failure)
Press: ? - help, Shift-Dir - straight line, f/p - Natasha
Aim: Natasha (chance to defeat MR: 46%) Natasha resists with some effort.
* * * LOW MAGIC WARNING * * *
Natasha claws you.
* * * LOW HITPOINT WARNING * * *
Casting: Ensorcelled Hibernation (safe; 6% risk of failure)
Confirm with . or Enter, or press ? or * to list all spells.
You don't have enough magic to cast that spell.
You barely miss Natasha. Natasha misses you.
The crimson imp blinks!
Natasha stares at you and mumbles some strange words.
The magic dart hits you!
* * * LOW HITPOINT WARNING * * *
Natasha casts a spell at you. You resist with significant effort.
The crimson imp hits you.
You die...

······· ▒▒ ▒▒·▒·▒▒▒
▒···▒···· ·▒▒▒▒·······
▒·%▒▒▒·▒▒▒▒··········▒▒
▒··▒▒·····▒ ▒▒▒▒····▒▒
▒·5·······▒▒▒▒▒▒▒·▒·▒
▒▒†▒▒·····(·········▒
▒g▒▒·······((··)·▒▒▒
▒·▒▒5····▒▒▒▒▒▒▒·▒
▒h▒▒▒@···········▒
▒·····▒▒▒▒▒▒▒▒▒▒▒▒
▒▒▒▒▒▒▒


You could see a crimson imp.

Vanquished Creatures
  2 adders (D:2)
  A ball python (D:2)
  A giant cockroach (D:1)
  5 goblins
  3 hobgoblins (D:1)
  6 jackals
  2 bats
  3 frilled lizards (D:1)
  3 kobolds
  A rat (D:1)
27 creatures vanquished.

Notes
Turn   | Place    | Note
-------+----------+-------------------------------------------
     0 | D:1      | Azzok the Gnoll Enchanter began the quest for the Orb.
     0 | D:1      | Reached XP level 1. HP: 13/13 MP: 6/6
   167 | D:1      | Reached XP level 2. HP: 17/19 MP: 7/7
   203 | D:1      | Learned a level 2 spell: Ensorcelled Hibernation
  1005 | D:2      | Reached skill level 5 in Spellcasting
  1005 | D:2      | Reached XP level 3. HP: 25/25 MP: 7/9
  1055 | D:2      | Reached skill level 6 in Stealth
  1130 | D:2      | Reached skill level 1 in Invocations
  1238 | D:2      | Noticed Natasha
  1266 | D:2      | HP: 1/25 [Natasha/magic dart (6)]
  1268 | D:2      | Slain by a crimson imp

Vault maps used:
D:1:      saegor_arrival_under_anarchy
D:2:      uniq_natasha, uniq_jessica

Skill      XL: |  1  2  3 |
---------------+----------+-----
Spellcasting   | 5 |  5.0
Stealth        | 6 |  6.0
Invocations    | 1 |  1.0
Fighting       | |  0.9
Short Blades   | |  2.6
Long Blades    | |  0.9
Axes           | |  0.9
Maces & Flails | |  0.9
Polearms       | |  0.9
Staves         | |  0.9
Slings         | |  0.9
Bows           | |  0.9
Crossbows      | |  0.9
Throwing       | |  0.9
Armour         | |  0.9
Dodging        | |  4.5
Shields        | |  0.9
Unarmed Combat | |  0.9
Conjurations   | |  0.6
Hexes          | |  5.4
Charms         | |  0.6
Summonings     | |  0.6
Necromancy     | |  0.6
Translocations | |  0.6
Transmutations | |  0.6
Fire Magic     | |  0.6
Ice Magic      | |  0.6
Air Magic      | |  0.6
Earth Magic    | |  0.6
Poison Magic   | |  0.6
Evocations     | |  0.9

Action                   || total
-------------------------++-------
Melee: Dagger            ||    72
       Bite              ||     3
 Cast: Corona            ||    11
       Ensorcelled Hiber ||    10
 Stab: Sleeping          ||    11
  Eat: Chunk             ||     1
Armor: Robe              ||    11
Dodge: Dodged            ||    65

Table legend:
 A = Spawn XP
 B = Non-spawn XP
 C = Spawn XP percentage of total XP
 D = Spawn monster count
 E = Non-spawn monster count
 F = Spawn count percentage of total count
 G = Total turns spent on level
                    A         B        C        D         E        F      G
               +---------+---------+-------+---------+---------+-------+---------
         Total |       0 |      68 |   0.0 |       0 |      27 |   0.0 |  1268
               +---------+---------+-------+---------+---------+-------+---------
           D:1 |       0 |      24 |   0.0 |       0 |      15 |   0.0 |  1003
           D:2 |       0 |      44 |   0.0 |       0 |      12 |   0.0 |   265
               +---------+---------+-------+---------+---------+-------+---------
